Map: Chantier naval orbital

Players

AgCl

  • Race: Protoss Protoss
  • League: Grandmaster

Mello - Winner!

  • Race: Terran Terran
  • League: Grandmaster

VOD

Have the link to the VOD?

Description

Time

  • Played on: June 9, 2015, 10:22 p.m.
  • Length: 11:36
Show
View Real Time Build Order
Export as new Build Order

AgCl Protoss 

Build Orders: Oracle Opening, Oracle Opening 

Get SALT Encoding   

  12  0:01  Probe  
  13  0:14  Probe  
  14  0:26  Pylon  
  14  0:31  Assimilator  
  14  0:42  Assimilator  
  14  0:48  Probe (Chrono Boost)  
  14  0:49  Gateway  
  15  1:00  Probe (Chrono Boost)  
  15  1:02  Pylon  
  16  1:08  Probe (Chrono Boost)  
  17  1:17  Probe  
  18  1:30  Probe (Chrono Boost)  
  19  1:36  Cybernetics Core  
  19  1:42  Probe (Chrono Boost)  
  20  1:51  Probe (Chrono Boost)  
  21  1:59  Probe  
  22  2:15  Nexus  
  22  2:23  Mothership Core (Chrono Boost)  
  22  2:39  Adept (Chrono Boost)  
  22  2:51  Stargate  
  22  3:03  Probe  
  23  3:12  Adept (Chrono Boost)  
  25  3:15  Probe  
  23  3:32  Adept  
  26  3:40  Oracle  
  26  3:57  Probe (Chrono Boost)  
  27  4:08  Probe x2 (Chrono Boost)  
  29  4:15  Probe (Chrono Boost)  
  31  4:18  Probe (Chrono Boost)  
  31  4:23  Probe (Chrono Boost)  
  34  4:32  Probe x2 (Chrono Boost)  
  38  4:42  Probe (Chrono Boost)  
  33  4:53  Probe  
  33  4:57  Probe  
  35  5:05  Probe  
  33  5:11  Probe  
  32  5:17  Pylon  
  32  5:21  Fleet Beacon  
  32  5:22  Nexus  
  32  5:25  Probe (Chrono Boost)  
  34  5:29  Probe (Chrono Boost)  
  35  5:36  Probe (Chrono Boost)  
  35  5:38  Probe (Chrono Boost)  
  37  5:43  Probe (Chrono Boost)  
  37  5:44  Probe (Chrono Boost), Carrier (Chrono Boost)  
  38  5:54  Protoss Air Weapons Level 1 (Chrono Boost)  
  38  5:55  Probe (Chrono Boost)  
  40  5:57  Assimilator  
  40  6:00  Assimilator  
  41  6:06  Probe (Chrono Boost)  
  41  6:10  Probe (Chrono Boost)  
  46  6:23  Probe (Chrono Boost)  
  46  6:24  Probe (Chrono Boost)  
  48  6:33  Graviton Catapult  
  48  6:38  Probe x2 (Chrono Boost), Stargate  
  51  6:40  Probe (Chrono Boost)  
  52  6:47  Probe (Chrono Boost)  
  52  6:48  Forge  
  52  6:52  Probe (Chrono Boost)  
  52  6:53  Probe (Chrono Boost)  
  54  6:56  Carrier (Chrono Boost)  
  57  7:02  Probe x2 (Chrono Boost)  
  57  7:04  Probe (Chrono Boost)  
  57  7:14  Probe (Chrono Boost)  
  64  7:16  Assimilator  
  64  7:21  Probe (Chrono Boost)  
  66  7:26  Probe (Chrono Boost), Warp Gate (Chrono Boost)  
  66  7:47  Pylon, Assimilator  
  66  7:48  Pylon  
  66  7:49  Probe x2  
  66  7:56  Pylon  
  66  7:57  Carrier (Chrono Boost)  
  66  8:05  Probe x2  
  74  8:06  Probe  
  74  8:08  Phoenix (Chrono Boost)  
  74  8:09  Twilight Council  
  74  8:11  Pylon, Protoss Ground Weapons Level 1  
  79  8:20  Probe (Chrono Boost)  
  79  8:21  Probe x2 (Chrono Boost)  
  80  8:30  Probe (Chrono Boost)  
  80  8:31  Carrier (Chrono Boost)  
  80  8:32  Probe x2 (Chrono Boost)  
  83  8:35  Pylon  
  83  8:37  Probe, Pylon  
  90  8:43  Probe  
  90  9:12  Templar Archives  
  90  9:15  Pylon  
  90  9:23  Gateway, Robotics Facility  
  90  9:26  Gateway  
  90  9:29  Gateway, Pylon  
  90  9:32  Shield Upgrade  
  90  9:34  Probe  
  90  9:37  Probe  
  92  9:39  Photon Cannon  
  92  9:40  Probe  
  93  9:46  Adept  
  93  9:51  Assimilator  
  76  10:08  Psionic Storm  
  65  10:25  Probe  
  65  10:27  Observer (Chrono Boost)  
  67  10:40  Void Ray (Chrono Boost)  
  67  10:42  Observer (Chrono Boost)  
  71  10:45  Cybernetics Core  
  71  10:46  Pylon  
  71  10:49  Pylon  
  70  10:51  Fleet Beacon  
  70  10:52  Pylon  
  64  11:02  Photon Cannon  
  64  11:12  Probe  
  64  11:15  Cybernetics Core  
  65  11:18  Zealot  
  65  11:19  Zealot x3  
Show
View Real Time Build Order
Export as new Build Order

Mello Terran - Winner!

Build Orders: MMM Bio 

Get SALT Encoding   

  12  0:00  SCV  
  13  0:12  SCV  
  14  0:25  Supply Depot  
  14  0:27  SCV  
  15  0:47  SCV, Barracks  
  16  0:52  Refinery  
  16  0:59  SCV  
  16  1:03  Barracks  
  17  1:11  SCV  
  18  1:23  SCV  
  19  1:36  Supply Depot, Orbital Command  
  19  1:37  Reaper  
  20  1:50  Marine  
  21  2:04  SCV  
  21  2:08  Marine  
  22  2:09  Reaper  
  22  2:14  Bunker  
  23  2:17  SCV  
  24  2:33  SCV  
  25  2:42  Reaper  
  26  2:53  SCV  
  27  3:01  Command Center  
  27  3:02  Marine  
  27  3:04  Factory  
  27  3:05  SCV  
  29  3:17  SCV  
  29  3:19  Command Center, Refinery  
  29  3:29  SCV  
  30  3:34  Supply Depot  
  30  3:36  Barracks Reactor, Supply Depot  
  30  3:41  SCV  
  30  3:59  Engineering Bay  
  30  4:02  Widow Mine  
  30  4:08  Supply Depot  
  32  4:12  SCV  
  32  4:13  Orbital Command  
  32  4:14  Barracks  
  32  4:15  Barracks  
  33  4:21  Marine x2  
  33  4:24  SCV  
  36  4:31  Widow Mine  
  36  4:36  Orbital Command  
  36  4:37  SCV  
  39  4:39  Missile Turret  
  39  4:50  SCV  
  39  4:53  SCV  
  40  5:02  SCV x2  
  40  5:04  Marine x2  
  40  5:05  SCV, Widow Mine  
  40  5:06  Barracks Reactor, Barracks Tech Lab  
  47  5:07  Barracks Tech Lab  
  47  5:14  SCV  
  47  5:15  SCV  
  47  5:17  SCV  
  49  5:26  SCV  
  50  5:29  Marine x2  
  50  5:30  Combat Shields  
  50  5:31  Stimpack  
  50  5:32  Terran Infantry Weapons Level 1  
  50  5:33  Marine x2  
  54  5:36  SCV x2  
  54  5:40  Widow Mine  
  54  5:42  SCV  
  59  5:47  Marine x2  
  59  5:48  SCV x2  
  63  5:52  Marine x4  
  63  5:54  SCV  
  68  6:04  Marine x2  
  68  6:06  SCV x3  
  68  6:07  Starport  
  68  6:09  Marine  
  68  6:10  Marine x3  
  77  6:13  Engineering Bay  
  77  6:14  Refinery x2  
  77  6:16  Supply Depot  
  77  6:18  SCV x3, Supply Depot  
  80  6:22  Marine x2  
  81  6:30  SCV  
  82  6:32  Marine  
  82  6:33  Marine x2  
  82  6:36  Factory Reactor  
  82  6:37  Marine  
  86  6:43  Supply Depot  
  86  6:44  Supply Depot  
  86  6:46  Supply Depot  
  86  6:47  Terran Infantry Armor Level 1, Orbital Command  
  86  6:57  Marauder x2, Marine x4  
  94  7:02  Starport  
  94  7:10  Barracks  
  94  7:15  Marine  
  95  7:16  SCV x3  
  98  7:31  SCV  
  98  7:32  SCV x2  
  98  7:33  Marauder x2, Marine x4  
  98  7:34  Medivac  
  98  7:36  Medivac  
  113  7:41  Missile Turret  
  113  7:43  SCV  
  112  7:46  Missile Turret  
  112  7:50  Marine  
  113  7:51  Starport Reactor  
  113  7:54  SCV x2  
  113  7:55  Factory Tech Lab  
  115  8:07  SCV x3  
  115  8:09  Refinery  
  115  8:10  Refinery, Marauder x2  
  115  8:11  Barracks Tech Lab, Marine x3  
  125  8:18  Marine  
  125  8:19  Medivac x2  
  130  8:20  Supply Depot  
  130  8:21  Supply Depot  
  130  8:29  Cyclone, Marine  
  134  8:35  Fusion Core  
  134  8:47  Liberator  
  134  8:48  Liberator  
  132  9:04  Viking x2  
  132  9:05  Command Center  
  140  9:17  Cyclone  
  143  9:21  SCV x3, Factory  
  146  9:30  Command Center  
  146  9:36  Bunker  
  146  9:37  Bunker  
  144  10:01  Liberator x2  
  129  10:11  Marine x3  
  129  10:12  Marauder x3  
  120  10:17  Viking x2  
  120  10:18  Factory Tech Lab  
  120  10:19  Cyclone  
  125  10:29  Marine  
  125  10:30  Marine x3  
  125  10:33  Marauder, Marine x2  
  133  10:36  Armory  
  133  10:37  Armory  
  133  10:43  Cyclone  
  133  10:47  Marine  
  133  10:48  Marine x3  
  140  10:50  Marine  
  140  10:51  Cyclone, Marine  
  140  10:54  Marine  
  144  11:05  Marine  
  144  11:06  Marine x3  
  144  11:08  Marine x2  
  145  11:12  Marine  
Tags
 
Add a new tag
Caveats
  • Supply blocks, unpowered buildings, or Contaminate may cause inaccurate times.
  • Supply counts are checked every 10 seconds.